 Dungeon Crawl Stone Soup version 0.29.1-13-g9f3cf754e1 (webtiles) character file.

Game seed: 9846259460732728591

18477 FexLirch the Convoker (level 12, -2/51 HPs)
             Began as a Felid Summoner on Feb 6, 2023.
             Was an Initiate of Gozag.
             Killed from afar by a swamp worm (18 damage)
             ... with a harpoon shot
             ... on level 4 of the Lair of Beasts.
             The game lasted 01:25:48 (24985 turns).

FexLirch the Convoker (Felid Summoner)             Turns: 24985, Time: 01:25:49

Health: -2/51      AC:  3    Str:  4    XL:     12   Next: 28%
Magic:  13/28      EV: 21    Int: 27    God:    Gozag
Gold:   788        SH:  0    Dex: 17    Spells: 5/33 levels left
                                        Lives:  0   Deaths: 4

rFire   + . .      SeeInvis +   (weapon unavailable)
rCold   + . .      Faith    .   (shield unavailable)
rNeg    . . .      Spirit   .   (body armour unavailable)
rPois   .          Reflect  .   (helmet unavailable)
rElec   .          Harm     .   (cloak unavailable)
rCorr   .          Rampage  .   (gloves unavailable)
Will    +....                   (boots unavailable)
Stlth   ++........              (no amulet)
HPRegen 0.17/turn               u - ring of protection from fire
MPRegen 0.21/turn               m - +6 ring of intelligence

@: gold aura, quick
A: very small, claws 1, fangs 3, see invisible, speed 1, shaggy fur 3, stealthy
paws, no weapons or thrown items, no armour, multi-lived
a: Renounce Religion, Potion Petition, Call Merchant, Bribe Branch


You were on level 4 of the Lair of Beasts.
You worshipped Gozag.
Gozag was pleased with you.
You visited 3 branches of the dungeon, and saw 19 of its levels.
You also visited: Volcano.

You collected 2884 gold pieces.
You spent 360 gold pieces at shops.
You paid 1736 gold pieces to Gozag.

Inventory:

Jewellery
 d - a ring of wizardry
 g - an amulet of faith
 m - a +6 ring of intelligence (right paw)
 u - a ring of protection from fire (left paw)
 y - a ring of wizardry
 C - a ring of wizardry
 J - a ring of protection from fire
 L - a ring of positive energy
Wands
 v - a wand of flame (4)
 x - a wand of iceblast (12)
 D - a wand of charming (12)
 M - a wand of quicksilver (12)
Scrolls
 c - a scroll of enchant armour {unknown}
 f - 3 scrolls of butterflies {unknown}
 h - 2 scrolls of fear
 i - 4 scrolls of noise
 j - 4 scrolls of amnesia
 k - 6 scrolls of teleportation
 q - 3 scrolls of silence
 r - 2 scrolls of blinking
 w - 4 scrolls of magic mapping
 B - 3 scrolls of enchant weapon {unknown}
 F - a scroll of summoning {unknown}
 G - a scroll of acquirement {unknown}
 H - a scroll of poison {unknown}
 N - 2 scrolls of identify
 O - a scroll of immolation {unknown}
 P - 3 scrolls of vulnerability {unknown}
Potions
 a - 3 potions of magic
 b - 5 potions of flight
 e - 3 potions of mutation
 l - a potion of ambrosia {unknown}
 n - 3 potions of haste {unknown}
 o - 2 potions of lignification
 p - 2 potions of heal wounds
 s - a potion of berserk rage {unknown}
 t - 3 potions of cancellation
 z - 3 potions of curing
 A - 2 potions of brilliance {unknown}
 E - a potion of attraction {unknown}
 I - a potion of might
 K - 2 potions of resistance {unknown}


   Skills:
 + Level 5.0 Fighting
 + Level 7.2 Dodging
 - Level 2.6 Stealth
 + Level 11.0 Spellcasting
 - Level 9.3 Hexes
 + Level 15.8 Summonings
 - Level 11.6 Translocations
 * Level 5.6 Transmutations
 - Level 5.3 Air Magic


You had 5 spell levels left.
You knew the following spells:

 Your Spells              Type           Power      Damage    Failure   Level
a - Summon Small Mammal   Summ           100%       N/A       0%          1
b - Call Imp              Summ           79%        N/A       0%          2
c - Call Canine Familiar  Summ           79%        N/A       1%          3
d - Summon Guardian Gole  Hex/Summ       70%        N/A       1%          3
e - Summon Lightning Spi  Summ/Air       64%        N/A       1%          4
f - Summon Cactus Giant   Summ           39%        N/A       1%          6
g - Passage of Golubria   Tloc           67%        N/A       1%          4
h - Yara's Violent Unrav  Hex/Tmut       26%        3d11      4%          5

Your spell library contained the following spells:

 Spells                   Type           Power      Damage    Failure   Level
 Inner Flame              Hex/Fire       40%        N/A       1%          3
 Tukima's Dance           Hex            60%        N/A       1%          3
 Foxfire                  Conj/Fire      56%        2x1d6     3%          1
 Magic Dart               Conj           56%        1d5       3%          1
 Fulminant Prism          Conj/Hex       20%        3d13      5%          4
 Scorch                   Fire           28%        2d6       6%          2
 Searing Ray              Conj           28%        2d5       6%          2
 Conjure Flame            Conj/Fire      14%        6-21      12%         3
 Flame Wave               Conj/Fire      14%        2d6       36%         4
 Chain Lightning          Conj/Air       14%        3d19      100%        9
 Fire Storm               Conj/Fire      7%         8d2       100%        9
 Shatter                  Erth           7%         3d9*      100%        9


Dungeon Overview and Level Annotations

Branches:
Dungeon (13/15)            Temple (1/1) D:7            Lair (5/5) D:8
 Shoals (0/4) Lair:2        Snake (0/4) Lair:2        Slime (0/5) Lair:4
    Orc (0/2) D:10        Volcano (visited)
 Vaults: D:13-14

Altars:
Ashenzari
Cheibriados
Dithmenos
Elyvilon
Fedhas
Gozag
Hepliaklqana
Kikubaaqudgha
Makhleb
Nemelex Xobeh
Okawaru
Qazlal
Ru
Sif Muna
Trog
Uskayaw
Vehumet
Wu Jian
Xom
Yredelemnul
Zin
The Shining One
Jiyva

Shops:
D:1 :   D:3 [   D:13 *   Lair:3 :   Lair:4 :

Portals:
Trove: D:12 (show abyssal rune of Zot)

Annotations:
Lair:2 exclusion: oklob plant
Lair:4 exclusion: electric eel


Innate Abilities, Weirdness & Mutations

You have sharp claws.
You have razor-sharp teeth.
You have supernaturally acute eyesight. (SInv)
You cover ground quickly. (Speed+)
Your thick and shaggy fur keeps you warm. (AC +3, rC+)
Your paws help you pounce on unaware monsters.
You are incapable of wielding weapons or throwing items.
You cannot wear armour.
You gain extra lives every three experience levels.


Message History

The swamp worm fires a harpoon shot at you.
The harpoon shot hits you!
You are yanked forward by the harpoon shot.
The demonic crawler shrieks in warning!
A seven-headed hydra comes into view.
A swamp worm comes into view.
The seven-headed hydra roars!
The swamp worm fires a harpoon shot at you.
The harpoon shot hits you!!
* * * LOW HITPOINT WARNING * * *
You are yanked forward by the harpoon shot.
Your warg bites the demonic crawler!
The swamp worm fires a harpoon shot at you.
The harpoon shot misses you.
The demonic crawler is struck by your cactus giant's spines.
The demonic crawler hits your cactus giant! x3
Your warg bites the demonic crawler but does no damage.
The demonic crawler is struck by your cactus giant's spines.
The demonic crawler hits your cactus giant!
The demonic crawler hits your cactus giant.
The demonic crawler completely misses your cactus giant.
Your cactus giant hits the demonic crawler with a +0 giant spiked club.
Your warg bites the demonic crawler but does no damage.
The swamp worm fires a harpoon shot at you.
The harpoon shot hits your cactus giant!
The demonic crawler is struck by your cactus giant's spines.
The demonic crawler dies!
Casting: Summon Lightning Spire (dangerous; 1% risk of failure)
Confirm with . or Enter, or press ? or * to list all spells.
A guardian golem appears, shielding your allies.
The swamp worm is struck by your cactus giant's spines.
The swamp worm bites your cactus giant!
Your warg bites the swamp worm!
Casting: Summon Guardian Golem (safe; 1% risk of failure)
Confirm with . or Enter, or press ? or * to list all spells.
Your warg disappears in a puff of smoke!
The swamp worm is struck by your cactus giant's spines.
The swamp worm dies!
The swamp worm fires a harpoon shot at you.
The harpoon shot hits you!!
You die...
Your body crumbles into a pile of gold.

#.............#....~≈#
#≈~
#..###...#....#....~~~
#~~~ #..##
........#.....~~# #~~#
##...###..##..........~≈
≈~..
#...#.....##....#P....
~~..
#.........P#..........
...
#....PP##...##.........
##...............8.....
#...#...######@9..#... .
#......#.## ##..#### .
#............##.Chw..##
.
.....PP.........$§......
...P.§≈§#....#.........
..≈≈≈§§...#..D.#.....
≈#....#...#.....
≈.....#........P .....
###...##PP


You could see a seven-headed hydra, a swamp worm (ally target), a friendly
cactus giant (summoned, sheltered), a friendly guardian golem (summoned), a
friendly warg (summoned) and a friendly lightning spire (summoned, sheltered).

Vanquished Creatures
  A slime creature (D:12)
  A kobold brigand (D:7)
  A bullfrog (Lair:3)
  A wight (D:7)
  A quokka (D:1)
  A rat (D:2)
6 creatures vanquished.

Vanquished Creatures (collateral kills)
  Erolcha (D:9)
  2 boulder beetles
  3 hydras
  6 two-headed ogres
  2 centaur warriors (D:13)
  6 death yaks (Lair:2)
  A tengu warrior (D:13)
  A hell knight (Volcano)
  2 oklob plants (Lair:3)
  A manticore (D:11)
  A cyclops (D:11)
  2 black mambas
  A gargoyle (D:10)
  An unseen horror (D:12)
  8 cane toads
  3 rime drakes
  5 komodo dragons
  A demonic crawler (Lair:4)
  3 trolls
  4 polar bears
  A polar bear (shapeshifter) (D:13)
  6 slime creatures
  2 hornets
  3 blink frogs
  2 wyverns
  A shadow (D:11)
  2 vampires (D:13)
  A wraith (D:12)
  27 yaks
  2 fire bats (Volcano)
  Eustachio (D:5)
  6 basilisks
  2 steam dragons
  A swamp worm (Lair:4)
  5 vampire mosquitoes
  4 nagas (Lair:2)
  2 wargs (D:8)
  A swamp drake (D:10)
  4 water moccasins
  3 ice beasts
  4 orc warriors
  3 black bears
  An ogre (D:7)
  4 wolves (Lair:3)
  A phantom (D:7)
  10 centaurs
  2 kobold brigands
  4 necrophages
  8 bullfrogs
  6 wights
  7 killer bees
  5 howler monkeys
  7 lava snakes (Volcano)
  9 hounds
  4 orc priests
  5 iguanas
  10 orc wizards
  5 hell rats (Lair:3)
  11 gnolls
  7 adders
  A shadow imp (D:8)
  5 worms
  3 dart slugs
  40 orcs
  13 ball pythons
  4 endoplasms
  3 giant cockroaches
  6 goblins
  5 hobgoblins
  18 kobolds
  4 quokkas
  3 bats
  3 frilled lizards
  4 rats
355 creatures vanquished.

Vanquished Creatures (others)
  2 hydras
  A two-headed ogre (D:10)
  A manticore (D:12)
  2 gargoyles
  A komodo dragon (Lair:4)
  A polar bear (Lair:2)
  2 slime creatures (D:13)
  A wyvern (D:5)
  A wraith (D:9)
  3 yaks
  An ice beast (D:7)
  2 ogres (D:6)
  A wolf (Lair:3)
  3 centaurs
  A gnoll sergeant (D:8)
  A scorpion (D:5)
  2 wights (D:7)
  5 killer bees (D:7)
  A gnoll bouda (D:5)
  4 gnolls
  A shadow imp (D:6)
  An orc (D:6)
  3 kobolds (D:9)
  17 fungi
  48 plants
106 creatures vanquished.

Grand Total: 467 creatures vanquished

Notes
Turn   | Place    | Note
-------+----------+-------------------------------------------
     0 | D:1      | FexLirch the Felid Summoner began the quest for the Orb.
     0 | D:1      | Reached XP level 1. HP: 7/7 MP: 4/4
   369 | D:1      | Reached XP level 2. HP: 11/11 MP: 1/6
   445 | D:1      | Learned a level 2 spell: Call Imp
   808 | D:1      | Found Umnuug's Book Boutique.
  1219 | D:1      | Reached XP level 3. HP: 14/14 MP: 5/8
  1223 | D:1      | Learned a level 3 spell: Call Canine Familiar
  1579 | D:2      | Identified the +9 falchion of the Imbibing Queen {pain,
                  | rElec Str+3 Dex+4}
  1696 | D:2      | Reached XP level 4. HP: 18/18 MP: 3/9
  1706 | D:2      | Learned a level 3 spell: Summon Guardian Golem
  1793 | D:2      | Found a faded altar of an unknown god.
  2323 | D:3      | Reached skill level 5 in Summonings
  2460 | D:3      | Reached skill level 1 in Hexes
  2529 | D:3      | Found Egel's Antique Armour Boutique.
  3392 | D:3      | Found a white marble altar of Elyvilon.
  3392 | D:3      | Found a glowing golden altar of the Shining One.
  3874 | D:4      | Reached XP level 5. HP: 16/21 MP: 4/11
  4206 | D:4      | Gained mutation: You are covered in thick fur. (AC +2)
                  | [Felid growth]
  4206 | D:4      | Reached XP level 6. HP: 24/24 MP: 4/13
  4283 | D:4      | Learned a level 4 spell: Summon Lightning Spire
  4493 | D:5      | Entered Level 5 of the Dungeon
  4591 | D:5      | Noticed a wyvern
  4604 | D:5      | Killed a wyvern
  4605 | D:5      | Reached skill level 1 in Air Magic
  4743 | D:5      | Reached skill level 6 in Summonings
  4743 | D:5      | Reached XP level 7. HP: 22/27 MP: 9/14
  4869 | D:5      | Noticed Eustachio
  5069 | D:5      | Killed Eustachio
  5070 | D:5      | Reached skill level 5 in Hexes
  5281 | D:5      | Reached skill level 5 in Spellcasting
  5500 | D:5      | Reached XP level 8. HP: 31/31 MP: 8/16
  5737 | D:5      | Found an iron altar of Okawaru.
  6517 | D:6      | Reached skill level 7 in Summonings
  7604 | D:7      | Reached XP level 9. HP: 34/34 MP: 9/19
  7660 | D:7      | Reached skill level 8 in Summonings
  7698 | D:7      | Hit by a boomerang thrown by an orc
  7699 | D:7      | Reached XP level 8. HP: -3/31 MP: 0/18
  7916 | D:7      | Slain by a killer bee
  7917 | D:7      | Reached XP level 7. HP: -1/27 MP: 13/17
  8236 | D:7      | Found a snail-covered altar of Cheibriados.
  8403 | D:7      | Found a staircase to the Ecumenical Temple.
  8428 | D:7      | Reached XP level 8. HP: 31/31 MP: 8/18
  8439 | Temple   | Entered the Ecumenical Temple
  8857 | D:7      | Reached skill level 5 in Air Magic
  9186 | D:8      | Noticed a hornet
  9188 | D:8      | Reached skill level 9 in Summonings
  9191 | D:8      | Killed a hornet
  9630 | D:1      | Bought a book of Scorching for 360 gold pieces
  9637 | D:1      | Learned a level 6 spell: Summon Cactus Giant
  9950 | D:8      | Found a staircase to the Lair.
  9959 | D:8      | Reached XP level 9. HP: 34/34 MP: 5/20
 10097 | D:8      | Reached skill level 10 in Summonings
 10637 | D:9      | Noticed a two-headed ogre
 10649 | D:9      | Killed a two-headed ogre
 10736 | D:9      | Reached XP level 10. HP: 37/37 MP: 9/22
 10740 | D:9      | Reached skill level 11 in Summonings
 10873 | D:9      | Noticed Erolcha
 11090 | D:9      | Learned a level 4 spell: Passage of Golubria
 11141 | D:9      | Killed Erolcha
 11517 | D:10     | Entered Level 10 of the Dungeon
 11538 | D:10     | Noticed a two-headed ogre
 11554 | D:10     | Killed a two-headed ogre
 11583 | D:10     | Reached skill level 12 in Summonings
 12046 | D:10     | Noticed a two-headed ogre
 12053 | D:10     | Killed a two-headed ogre
 12217 | D:10     | Found an opulent altar of Gozag.
 12418 | D:10     | Noticed a gargoyle
 12439 | D:10     | Reached skill level 5 in Translocations
 12528 | D:10     | Noticed a two-headed ogre
 12542 | D:10     | Killed a two-headed ogre
 12543 | D:10     | Reached XP level 11. HP: 40/40 MP: 13/24
 12965 | D:10     | Found a sacrificial altar of Ru.
 13249 | D:10     | Found a staircase to the Orcish Mines.
 13440 | D:10     | Became a worshipper of Gozag Ym Sagoz the Greedy
 13597 | D:11     | Noticed a boulder beetle
 13678 | D:11     | Killed a boulder beetle
 13679 | D:11     | Reached skill level 13 in Summonings
 14138 | D:11     | Found a blossoming altar of Fedhas.
 14646 | D:11     | Noticed a two-headed ogre
 14648 | D:11     | Noticed a two-headed ogre
 14653 | D:11     | Killed a two-headed ogre
 14691 | D:11     | Killed a two-headed ogre
 14826 | D:11     | Learned a level 5 spell: Yara's Violent Unravelling
 15537 | D:12     | Found a portal to a secret trove of treasure.
 15966 | D:12     | Noticed a boulder beetle
 15985 | D:12     | Killed a boulder beetle
 15986 | D:12     | Reached skill level 14 in Summonings
 15986 | D:12     | Gained mutation: Your thick and shaggy fur keeps you warm.
                  | (AC +3, rC+) [Felid growth]
 15986 | D:12     | Reached XP level 12. HP: 36/44 MP: 11/26
 16126 | D:12     | Noticed a two-headed ogre
 16130 | D:12     | Killed a two-headed ogre
 16429 | D:13     | Reached skill level 10 in Spellcasting
 16596 | D:13     | Noticed a centaur warrior
 16611 | D:13     | Killed a centaur warrior
 16618 | D:13     | Reached skill level 1 in Transmutations
 16712 | D:13     | Noticed a seven-headed hydra
 16724 | D:13     | Killed a seven-headed hydra
 16725 | D:13     | Reached skill level 1 in Fighting
 16975 | D:13     | Found Yplosaich's Elemental Accessories.
 17332 | D:13     | Noticed a centaur warrior
 17347 | D:13     | Killed a centaur warrior
 17348 | D:13     | Noticed a tengu warrior
 17351 | D:13     | Killed a tengu warrior
 17754 | Lair:1   | Entered Level 1 of the Lair of Beasts
 18007 | Lair:1   | Noticed a seven-headed hydra
 18015 | Lair:1   | Killed a seven-headed hydra
 18109 | Lair:1   | Reached skill level 10 in Translocations
 18455 | Lair:1   | Noticed an eight-headed hydra
 18466 | Lair:1   | Killed an eight-headed hydra
 18467 | Lair:1   | Reached skill level 5 in Dodging
 19250 | Lair:2   | Found a hazy altar of Hepliaklqana.
 19266 | Lair:2   | Reached skill level 15 in Summonings
 19383 | Lair:2   | Reached XP level 13. HP: 52/52 MP: 4/28
 19430 | Lair:2   | Found a staircase to the Shoals.
 19481 | Lair:2   | Found a staircase to the Snake Pit.
 19544 | Lair:2   | Found a dark tunnel.
 19629 | Volcano  | Entered a volcano
 20377 | Volcano  | Found a bloodstained altar of Trog.
 20855 | Volcano  | Shot with an arrow by a centaur warrior
 20856 | Volcano  | Reached XP level 12. HP: -1/49 MP: 6/27
 21992 | Lair:2   | Killed from afar by an oklob plant
 21993 | Lair:2   | Reached XP level 11. HP: -6/46 MP: 24/26
 22661 | Lair:3   | Reached skill level 5 in Transmutations
 22803 | Lair:3   | You fall into a shaft and drop 2 floors!
 22803 | Lair:5   | Entered Level 5 of the Lair of Beasts
 22812 | Lair:5   | Noticed a death yak
 22812 | Lair:5   | Noticed a death yak
 22812 | Lair:5   | Noticed a death yak
 23708 | Lair:3   | Noticed a seven-headed hydra
 23718 | Lair:3   | Killed a seven-headed hydra
 23719 | Lair:3   | Reached XP level 12. HP: 51/51 MP: 16/28
 23960 | Lair:3   | Found a blossoming altar of Fedhas.
 24625 | Lair:4   | Found a viscous altar of Jiyva.
 24625 | Lair:4   | Found a staircase to the Slime Pits.
 24723 | Lair:4   | Reached skill level 5 in Fighting
 24979 | Lair:4   | Noticed a seven-headed hydra
 24985 | Lair:4   | Killed from afar by a swamp worm

Illustrated notes

Levels and vault maps discovered:
D:1:      saegor_arrival_simple_a, layout_loops_corners, serial_shops, shop,
          dk_noncrumbling_3
D:2:      layout_basic, shapermc_ecumenical_altar_acropolis,
          minmay_misc_feat_enclosed
D:3:      layout_basic, gammafunk_temple_overflow_elements, serial_shops,
          nicolae_shop_behind_doors
D:4:      layout_gridville
D:5:      layout_cave_pools, okawaru_metal_pillars_3, kennysheep_generic_room_3,
          uniq_eustachio
D:6:      layout_basic, serial_glass, glass_columns_a, glass_columns_a,
          glass_columns_b, glass_columns_a, glass_columns_c
D:7:      layout_gridville, mainiacjoe_overflow_catwalk,
          minmay_temple_entry_statues_fountains
D:8:      layout_loops_cross, erik_lair_orcish_takeover, minmay_misc_feat_room
D:9:      layout_rooms, uniq_erolcha
D:10:     layout_rooms, mainiacjoe_overflow_paths, grunt_gozag_statues,
          erik_orc_1
D:11:     layout_roguey, fedhas_altar_2
D:12:     layout_basic, nicolae_trove_entry_columns
D:13:     nicolae_cairo_tiling_very_big, layout_small_grid,
          nicolae_elemental_shop
Temple:   minmay_temple_bridge_d
Lair:1:   layout_cave_pods, grunt_megastairs_4
Lair:2:   layout_roguey, elwin_shoals_entry_rocks,
          minmay_snake_entry_guardpost_small, nicolae_volcano_entry_s_turn,
          basic_altar, minmay_lair_oklob_bushes, cheibrodos_lair_lostbears,
          grunt_megastairs_3
Lair:3:   layout_cave_pods, hangedman_tree_tricks,
          chequers_serial_rivers_room_b, wad_woods_river_03
Lair:4:   layout_gridlike, slime_entry_1, serial_bayou_lagoon_a, worms_lemuel
Lair:5:   minmay_lair_end_frog_pond, layout_cave_pods, minivault_26,
          grunt_forest_small_clearings, chequers_serial_rivers_micro_b,
          serial_bayou_shore_a

Skill      XL: |  1  2  3  4  5  6  7  8  9 10 11 12 13 |
---------------+----------------------------------------+-----
Spellcasting   | 3 4 5 7 8 11 10 | 11.0
Summonings     | 5 6 9 10 12 14 15 | 15.8
Hexes          | 2 3 4 6 9 8 |  9.3
Air Magic      | 1 2 5 |  5.3
Translocations | 5 8 11 | 11.6
Dodging        | 7 6 |  7.2
Transmutations | 5 3 4 |  5.6
Fighting       | 5 4 |  5.0
Stealth        | |  2.6

Action                   |  1- 3 |  4- 6 |  7- 9 | 10-12 | 13-15 || total
-------------------------+-------+-------+-------+-------+-------++-------
Melee: Unarmed           |     6 |     6 |    29 |    25 |     5 ||    71
       Bite              |     3 |       |     5 |     3 |       ||    11
 Cast: Summon Small Mamm |    22 |     6 |     2 |       |       ||    30
       Call Imp          |    11 |    24 |    11 |     3 |       ||    49
       Call Canine Famil |     6 |    25 |    32 |    52 |     4 ||   119
       Summon Guardian G |       |     9 |    44 |    68 |     8 ||   129
       Summon Lightning  |       |       |    39 |    49 |    17 ||   105
       Summon Cactus Gia |       |       |     8 |    82 |     6 ||    96
       Passage of Golubr |       |       |       |     2 |       ||     2
       Yara's Violent Un |       |       |       |       |     1 ||     1
Invok: Call Merchant     |       |       |       |     2 |       ||     2
Evoke: Wand              |       |       |     6 |       |       ||     6
  Use: Scroll            |       |       |     4 |    11 |     3 ||    18
       Potion            |       |       |     3 |       |     1 ||     4
 Stab: Distracted        |       |       |     1 |     1 |       ||     2
       Sleeping          |       |       |       |     1 |       ||     1
       Betrayed ally     |       |       |       |       |     1 ||     1
Armor: Skin              |     2 |     1 |     3 |     2 |     1 ||     9
Dodge: Dodged            |    10 |    11 |    55 |    73 |     6 ||   155
